 Dungeon Crawl Stone Soup version 0.19-a0-1714-gcab94ab (webtiles) character file.

107 Theye the Covered (level 4, 32/35 HPs)
             Began as a Vampire Fighter on Sept 28, 2016.
             Quit the game on level 2 of the Dungeon.
             The game lasted 00:02:43 (3796 turns).

Theye the Covered (Vampire Fighter)                 Turns: 3796, Time: 00:02:44

Health: 32/35      AC: 10    Str: 16    XL:     4   Next: 56%
Magic:  4/4        EV:  4    Int: 10    God:
Gold:   55         SH:  9    Dex: 13    Spells: 0 memorised, 3 levels left

rFire  . . .     SeeInvis +     a - +0 long sword
rCold  + . .     Gourm    .     d - +0 chain mail
rNeg   + + .     Faith    .     c - +0 shield
rPois  +         Spirit   .     (no helmet)
rElec  .         Dismiss  .     (no cloak)
rCorr  .         Reflect  .     (no gloves)
MR     .....     Harm     .     (no boots)
Stlth  ..........               (no amulet)
                                (no ring)
                                (no ring)

@: regenerating slowly
A: fangs 3, see invisible, unbreathing
a: Bat Form


You were on level 2 of the Dungeon.
You were thirsty.

You visited 1 branch of the dungeon, and saw 2 of its levels.

You collected 55 gold pieces.

Inventory:

Hand Weapons
 a - a +0 long sword (weapon)
Armour
 b - a +0 scale mail
 c - a +0 shield (worn)
 d - a +0 chain mail (worn)
Jewellery
 f - an uncursed ring of protection from fire
Scrolls
 e - a scroll of recharging {unknown}
 g - a scroll of identify
 h - a scroll of blinking {unknown}
 l - a scroll of enchant weapon {unknown}
Potions
 i - 13 potions of blood
 j - a potion of agility {unknown}
 k - a potion of flight


   Skills:
 + Level 3.1 Fighting
 + Level 3.2 Long Blades
 + Level 3.2 Armour
 + Level 0.7 Dodging
 + Level 3.0 Shields


You had 3 spell levels left.
You didn't know any spells.

Dungeon Overview and Level Annotations

Branches:
Dungeon (2/15)

Altars:
Nemelex Xobeh


Innate Abilities, Weirdness & Mutations

You heal slowly.
You have razor-sharp teeth.
You have supernaturally acute eyesight. (SInv)
You can survive without breathing.


Message History

You miss the adder. You block the adder's attack.
The adder bites you but does no damage.
You barely miss the adder. You block the adder's attack.
The adder bites you but does no damage.
You slash the adder!
You kill the adder!
No target in view!
No target in view!
Things that are here:
a club; a goblin corpse You bottle the corpse's blood.
i - 13 potions of blood (gained 1)
Things that are here:
a club; a goblin skeleton
k - a potion of flight
l - a scroll labeled VUIREA ROOPHUN
As you read the scroll labeled EXTE PICKAEVEI, it crumbles to dust.
It is a scroll of identify.
f - an uncursed ring of protection from fire Are you sure you want to abandon this character and quit the game? (Confirm with "yes".)

.#........##.......#
.#........##.(.....#
.#........##.......#..
.#........####.........
.#........#......##.....
###########......# .....
#......# ....! #####).#
#.... ##@# ### #.# ...
....# ....(. .....#.#
......#.. #########.#


There were no monsters in sight!

Vanquished Creatures
  An orc priest (D:1)
  An adder (D:2)
  An ooze (D:1)
  3 dart slugs (D:1)
  5 leopard geckos
  3 orcs (D:1)
  8 bats
  2 giant cockroaches (D:1)
  6 goblins
  3 hobgoblins
  3 jackals (D:1)
  4 frilled lizards (D:1)
  4 kobolds
  8 rats (D:1)
52 creatures vanquished.

Notes
Turn   | Place    | Note
-------+----------+-------------------------------------------
     0 | D:1      | Theye the Vampire Fighter began the quest for the Orb.
     0 | D:1      | Reached XP level 1. HP: 17/17 MP: 1/1
  2145 | D:1      | Reached XP level 2. HP: 23/23 MP: 2/2
  2956 | D:1      | Reached XP level 3. HP: 22/28 MP: 3/3
  3347 | D:1      | Reached XP level 4. HP: 14/35 MP: 4/4
  3691 | D:2      | Found a sparkling altar of Nemelex Xobeh.
  3796 | D:2      | Quit the game

Vault maps used:
D:1:      lightli_iron_boxes
D:2:      lemuel_upstairs_altar, overflow_temple_1_default

Skill      XL: |  1  2  3 |
---------------+----------+-----
Armour         | 3 |  3.2
Shields        | 3 |  3.0
Fighting       | 3 |  3.1
Long Blades    | 3 |  3.2
Dodging        | |  0.7

Action                   |  1- 3 |  4- 6 || total
-------------------------+-------+-------++-------
Melee: Long sword        |   113 |    68 ||   181
       Bite              |    11 |     3 ||    14
  Use: Potion            |     5 |       ||     5
       Scroll            |       |     1 ||     1
  Eat: Corpse            |       |     2 ||     2
Armor: Scale mail        |    68 |       ||    68
       Chain mail        |       |    44 ||    44
Dodge: Dodged            |    36 |     9 ||    45
Block: Shield            |    70 |    37 ||   107
